[Event "Polish Youth Ekstraliga 2022"]
[Site "Lublin"]
[Date "2022.06.28"]
[Round "4.6"]
[White "Bandyk, Joanna"]
[Black "Smietanska, Wiktoria"]
[Result "0-1"]
[ECO "B10"]
[WhiteElo "1360"]
[BlackElo "1879"]
[Annotator "NA RC"]
[PlyCount "96"]
[EventDate "2022.06.24"]
[EventType "team-tourn"]
[EventCountry "POL"]
[SourceTitle "playchess.com"]
[Source "ChessBase"]
[SourceQuality "1"]
[TimeControl "40/5400+30:1800+30"]

1. e4 c6 2. Nf3 d5 3. Nc3 Nf6 4. e5 Ne4 5. Be2 Nxc3 6. bxc3 c5 7. d4 Nc6 8. O-O Bg4 9. Be3 e6 10. Nd2 Bxe2 11. Qxe2 Qa5 12. Nb1 Qa4 (12... Be7 $17) 13. Nd2 Be7 14. Rfb1 Rb8 15. Nf3 O-O 16. h4 cxd4 17. cxd4 Na5 18. Rd1 Rfc8 19. Rdc1 (19. Ne1 $17 {was necessary.}) 19... Ba3 20. Rd1 Rxc2 21. Rd2 Rbc8 22. h5 Qc4 23. Rxc2 Qxc2 24. Qxc2 Rxc2 25. Ne1 Rc6 26. Rb1 b6 27. Nd3 Rc2 28. Ra1 Nc4 29. Bc1 Rc3 30. Bxa3 Rxd3 31. Bb4 Rxd4 32. Rc1 h6 33. Bd6 Rd2 34. a3 Ra2 35. Rc3 b5 36. f4 a6 37. Bc5 Rb2 38. g4 a5 39. Bd4 Rb1+ 40. Kf2 b4 41. axb4 axb4 42. Rd3 b3 $19 43. Ke2 b2 44. Rb3 Rh1 45. Bxb2 Rh2+ 46. Kd3 Rxb2 47. Rxb2 Nxb2+ 48. Kd4 Nd1 0-1

[Event "Polish Youth Ekstraliga 2022"]
[Site "Lublin"]
[Date "2022.06.28"]
[Round "4.7"]
[White "Niedbala, Bartlomiej"]
[Black "Czernek, Tymon"]
[Result "1-0"]
[ECO "B96"]
[WhiteElo "2384"]
[BlackElo "2199"]
[Annotator "TA"]
[PlyCount "117"]
[EventDate "2022.06.24"]
[EventType "team-tourn"]
[EventCountry "POL"]
[SourceTitle "playchess.com"]
[Source "ChessBase"]
[SourceQuality "1"]
[TimeControl "40/5400+30:1800+30"]

1. e4 c5 2. Nf3 d6 3. d4 cxd4 4. Nxd4 Nf6 5. Nc3 a6 6. Bg5 e6 7. f4 h6 8. Bh4 Qb6 9. a3 Nc6 {[%emt 0:00:48] B96: Sicilian Najdorf: 6 Bg5 e6 7 f4, lines other than 7...Qb6 and 7...Be7.} (9... Qxb2 $2 10. Na4 Qxa1 11. Qxa1 $18) 10. Bf2 {[%emt 0:00:34][%cal Od4e6] And now Nxe6! would win.} Qc7 (10... Qxb2 $2 11. Na4 Qxa1 12. Qxa1 $18) 11. Qf3 Be7 {[%emt 0:05:36] The position is equal.} 12. O-O-O Bd7 13. g4 g5 (13... Nxd4 $11 {feels stronger.} 14. Rxd4 Bc6) 14. h4 gxf4 15. Nxc6 (15. Qxf4 $2 e5 16. Qd2 Nxd4 $19) 15... Bxc6 16. Qxf4 {[%emt 0:12:23] [#]} Nd7 $146 ({Predecessor:} 16... O-O-O 17. Bg3 Rdg8 18. Bh3 Rh7 19. Rhf1 Rhg7 20. Rd3 Nxg4 21. Nd5 exd5 22. exd5 Bxd5 23. Rxd5 Kb8 24. Be1 Ne5 25. Bc3 Rg3 26. Bf5 Rxc3 27. bxc3 Qxc3 28. Qd4 {½-½ (28) Smyslov,V-Benko,P Bled/Zagreb/Belgrade 1959}) 17. Kb1 Ne5 (17... Rb8 $11) 18. Rh3 ({Better is} 18. Bd4 $16) 18... b5 $14 19. g5 hxg5 20. hxg5 Rxh3 21. Bxh3 {[%emt 0:00:05] Black should prevent Bd4.} Ng6 22. Qf3 {[%emt 0:05:38] Black must now prevent Bg3.} Qb7 (22... a5 $11 {remains equal.}) 23. Bd4 $16 {[%emt 0:10:03] White is more active. Black is on the road to losing.} a5 (23... Bxg5 $16 24. Rg1 e5 25. Rxg5 exd4) 24. Rf1 $1 $18 Bxg5 25. Qh5 Qe7 {[%emt 0:01:24] [#]} 26. Bxe6 $1 {[%emt 0:00:28][%mdl 576] Deflection} Qxe6 (26... fxe6 $2 27. Qxg6+ Kd8 28. Rf6 $1 $18 ) 27. Qxg5 {[%emt 0:00:01] Hoping for Nd5.} b4 {[%emt 0:03:09] [#]} 28. Nb5 Bxb5 29. Qxb5+ Kf8 (29... Qd7 $142 30. Qd5 Rc8) 30. Qb7 Re8 (30... Rd8 {was worth a try.} 31. axb4 axb4 32. Qxb4 Ne5) 31. axb4 axb4 32. Qxb4 Kg8 33. Bc3 Qxe4 $2 (33... Ne5 34. Qb6 Kg7) 34. Qxd6 ({Less strong is} 34. Qb3 Qe6 35. Qb7 Ne5 $18) 34... Qh4 35. Qc6 (35. Qd5 $142 Qe7 36. Rf6) 35... Rd8 36. Bf6 Qh3 37. Rh1 ({Not} 37. Bxd8 Qxf1+ 38. Ka2 Qf2 $18) 37... Rc8 38. Qd5 ({Weaker is} 38. Rxh3 Rxc6 39. Rf3 Nf8 $18) 38... Qe6 39. Qg5 Kf8 40. Bc3 Rxc3 41. Qd8+ Qe8 42. Qxe8+ Kxe8 43. bxc3 {[%emt 0:00:01][%mdl 4096] Endgame KR-KN} Kd7 44. Kc1 (44. Kb2 $142 Ke6 45. c4 Ne7 46. Re1+ Kd7 47. Kb3 f5 48. Kc3 Ng6 49. Kd4) 44... Ne5 45. Kd2 {[%emt 0:00:22] White wants to mate with Ke3.} Kd6 46. Rf1 Kd5 47. Rf4 Nc4+ 48. Ke2 Nd6 49. Rf1 Ke4 50. Ra1 f5 51. Ra4+ Kd5 52. Kd3 {[%emt 0:00:27] Threatening mate with Ra5+.} Ne4 53. c4+ {[%emt 0:01:17][%cal Bc3c4,Bc4c5,Bc5c6,Bc6c7][%mdl 32] White mates.} Ke5 54. Ra5+ Kf4 55. c5 Kg4 56. c6 Nd6 57. c7 f4 58. Rd5 Nc8 59. Rd8 {[%emt 0:00:05] Weighted Error Value: White=0.20 (precise) /Black=0.67} 1-0

[Event "Polish Youth Ekstraliga 2022"]
[Site "Lublin"]
[Date "2022.06.28"]
[Round "4.8"]
[White "Chyzy, Jakub"]
[Black "Redzisz, Michal"]
[Result "1/2-1/2"]
[ECO "B11"]
[WhiteElo "2191"]
[BlackElo "2236"]
[Annotator "RC"]
[PlyCount "100"]
[EventDate "2022.06.24"]
[EventType "team-tourn"]
[EventCountry "POL"]
[SourceTitle "playchess.com"]
[Source "ChessBase"]
[SourceQuality "1"]
[TimeControl "40/5400+30:1800+30"]

1. e4 c6 2. Nf3 d5 3. Nc3 Bg4 4. h3 Bxf3 5. Qxf3 e6 6. Be2 Nd7 7. O-O g6 8. d4 Bg7 9. Be3 Ne7 10. Rad1 O-O 11. Nb1 f5 12. e5 c5 13. c3 Nc6 14. Qg3 Qb6 15. Rd2 cxd4 16. cxd4 f4 17. Bxf4 Nxd4 18. Nc3 Nf5 19. Qh2 h6 20. h4 Qd8 21. Bg4 h5 22. Bxf5 Rxf5 23. Re1 Qf8 24. Bg3 Rc8 25. f4 Bh6 26. Rf2 Rc4 27. Ref1 Qb4 28. a3 Qb6 29. Kh1 Nc5 30. Rf3 d4 31. Nd1 Ne4 32. Re1 Qc6 33. Bf2 Nd2 34. Rd3 Bxf4 35. Qh3 Ne4 36. Bxd4 Rxd4 37. Rxd4 Ng3+ 38. Kh2 Ne2+ 39. Rxf4 Nxf4 40. Qg3 Rf7 41. Nc3 Kg7 42. Ne4 Nd5 43. Nd6 Rf4 44. Re4 Rxe4 45. Nxe4 Qc2 46. Ng5 Qf5 47. Kg1 Qb1+ 48. Kh2 Qf5 49. Kg1 Qb1+ 50. Kh2 Qf5 1/2-1/2

[Event "Polish Youth Ekstraliga 2022"]
[Site "Lublin"]
[Date "2022.06.28"]
[Round "4.9"]
[White "Warchol, Kamil"]
[Black "Krawczyk, Flawian"]
[Result "1/2-1/2"]
[ECO "A05"]
[WhiteElo "2079"]
[BlackElo "2212"]
[Annotator "RC"]
[PlyCount "98"]
[EventDate "2022.06.24"]
[EventType "team-tourn"]
[EventCountry "POL"]
[SourceTitle "playchess.com"]
[Source "ChessBase"]
[SourceQuality "1"]
[TimeControl "40/5400+30:1800+30"]

1. Nf3 Nf6 2. b3 e6 3. Bb2 Be7 4. c4 b6 5. g3 Bb7 6. Bg2 O-O 7. O-O d5 8. d4 Ne4 9. Nbd2 Nd7 10. Rc1 f5 11. e3 Rc8 12. Qe2 Qe8 13. a3 a5 14. Rfe1 c6 15. Nf1 Ba6 16. Qd1 g5 17. N3d2 Nef6 18. f3 Qf7 19. Qe2 Rfe8 20. e4 g4 21. exf5 exf5 22. Qe6 Qxe6 23. Rxe6 Kf7 24. Ree1 gxf3 25. Bxf3 Bf8 26. Ne3 Bh6 27. Ndf1 Kg6 28. Rcd1 Nf8 29. g4 fxg4 30. Nxg4 Nxg4 31. Bxg4 Rcd8 32. cxd5 Rxe1 33. Rxe1 Rxd5 34. Re5 Bf4 35. Re4 Bd6 36. Ne3 Rb5 37. Bd1 Rg5+ 38. Kh1 Bd3 39. Rg4 Rxg4 40. Bxg4 Bf4 41. Nc4 Be4+ 42. Kg1 Kg5 43. Be2 b5 44. Nxa5 Be3+ 45. Kf1 Ne6 46. a4 Nxd4 47. Bxd4 Bxd4 48. axb5 cxb5 49. Bxb5 Bc3 1/2-1/2

[Event "Polish Youth Ekstraliga 2022"]
[Site "Lublin"]
[Date "2022.06.28"]
[Round "4.10"]
[White "Sowinski, Pawel"]
[Black "Krol, Jan"]
[Result "1-0"]
[ECO "B76"]
[WhiteElo "2060"]
[BlackElo "1668"]
[Annotator "NA RC"]
[PlyCount "105"]
[EventDate "2022.06.24"]
[EventType "team-tourn"]
[EventCountry "POL"]
[SourceTitle "playchess.com"]
[Source "ChessBase"]
[SourceQuality "1"]
[TimeControl "40/5400+30:1800+30"]

1. e4 c5 2. Nf3 d6 3. d4 cxd4 4. Nxd4 Nf6 5. Nc3 g6 6. Be3 Bg7 7. f3 Nc6 8. Qd2 O-O 9. O-O-O d5 10. Be2 e5 (10... Nxd4 $11 {keeps the balance.} 11. Bxd4 dxe4) 11. Nxc6 bxc6 12. exd5 cxd5 13. Nxd5 Nxd5 14. Qxd5 Qc7 15. Qd6 Qb7 16. Bc4 Rb8 17. b3 Bf5 18. Ba6 Qa8 19. Qd5 Rbc8 20. c4 Qb8 21. Qb7 Rc7 22. Qxb8 Rxb8 23. Rd2 Rc6 24. Rhd1 Bf8 {[%emt 0:09:52] [#]} 25. Rd8 $18 ({Avoid the trap} 25. Bxa7 $2 Ba3+ 26. Rb2 Rb4 $19) 25... Rxd8 26. Rxd8 Kg7 27. Bb5 Ba3+ 28. Kd1 Re6 29. Bxa7 e4 30. Bd4+ f6 31. g4 e3 32. Ke2 Bd3+ 33. Kxd3 e2 34. Bc3 e1=Q 35. Bxe1 Rxe1 36. Ra8 Bb4 37. Ra4 Bd6 38. b4 h5 39. gxh5 gxh5 40. h3 Bf4 41. c5 Rh1 42. Ke4 Be5 43. f4 Re1+ 44. Kf3 Bd4 45. c6 Re3+ 46. Kg2 Rc3 47. Ra8 Kf7 48. Rd8 Rc2+ 49. Kf3 Bg1 50. Rd7+ Ke6 51. Ke4 f5+ 52. Kd3 Rc1 53. Kd2 1-0

[Event "Polish Youth Ekstraliga 2022"]
[Site "Lublin"]
[Date "2022.06.28"]
[Round "4.11"]
[White "Adamczyk, Zuzanna"]
[Black "Wikar, Martyna"]
[Result "1/2-1/2"]
[ECO "E92"]
[WhiteElo "1909"]
[BlackElo "2197"]
[Annotator "RC"]
[PlyCount "92"]
[EventDate "2022.06.24"]
[EventType "team-tourn"]
[EventCountry "POL"]
[SourceTitle "playchess.com"]
[Source "ChessBase"]
[SourceQuality "1"]
[TimeControl "40/5400+30:1800+30"]

1. d4 Nf6 2. c4 g6 3. Nc3 Bg7 4. e4 d6 5. Nf3 O-O 6. Be2 e5 7. Be3 Nc6 8. d5 Ne7 9. Nd2 c5 10. g4 h6 11. h4 Ne8 12. Rg1 a6 13. a4 Bd7 14. h5 g5 15. Ndb1 Qa5 16. Bd2 Nc8 17. b3 Bf6 18. Na3 Qc7 19. Bd3 Na7 20. Qe2 Qb8 21. f3 Nc7 22. Kf2 Bd8 23. Rgb1 Kg7 24. Ke1 Ne8 25. Nd1 Kf6 26. Qf1 b5 27. axb5 axb5 28. Nxb5 Nxb5 29. Rxa8 Qxa8 30. cxb5 Ba5 31. Qe2 Bxd2+ 32. Qxd2 Nc7 33. Nc3 Rb8 34. b4 Qa7 35. bxc5 Qxc5 36. Ke2 Nxb5 37. Nxb5 Bxb5 38. Bxb5 Rxb5 39. Rxb5 Qxb5+ 40. Qd3 Qb6 41. Qa3 Ke7 42. Qe3 Qa6+ 43. Qd3 Qa1 44. Qc2 Kf6 45. Qc8 Qb2+ 46. Ke1 Qb4+ 1/2-1/2

[Event "Polish Youth Ekstraliga 2022"]
[Site "Lublin"]
[Date "2022.06.28"]
[Round "4.12"]
[White "Natoli, Alessia"]
[Black "Gaszka, Zuzanna"]
[Result "1-0"]
[ECO "C44"]
[WhiteElo "1680"]
[BlackElo "1621"]
[Annotator "NA RC"]
[PlyCount "77"]
[EventDate "2022.06.24"]
[EventType "team-tourn"]
[EventCountry "POL"]
[SourceTitle "playchess.com"]
[Source "ChessBase"]
[SourceQuality "1"]
[TimeControl "40/5400+30:1800+30"]

1. e4 e5 2. Nf3 Nc6 3. Be2 Nf6 4. d3 Be7 5. Nbd2 O-O 6. O-O d6 7. c3 Re8 8. Qc2 Bf8 9. b4 h6 10. a4 g6 11. Nb3 Bg7 12. b5 Nb8 13. Be3 Nbd7 14. a5 c6 15. a6 c5 16. axb7 Bxb7 17. Nfd2 Nb6 18. f3 Qd7 19. Rfb1 Reb8 20. d4 cxd4 21. cxd4 Ne8 22. Ra2 Nc7 23. dxe5 dxe5 24. Nc5 Qe7 25. Nxb7 Rxb7 26. Qc6 Rab8 27. Bc5 Qe6 28. Rba1 Bf8 29. Bxf8 Kxf8 30. Rxa7 Rxa7 31. Rxa7 Qxc6 32. bxc6 Rc8 33. Rb7 Na4 34. Nc4 Ne6 35. Nxe5 Nd8 36. Bb5 Nc3 37. Bc4 Nxc6 38. Rxf7+ Ke8 39. Nxg6 1-0

[Event "Polish Youth Ekstraliga 2022"]
[Site "Lublin"]
[Date "2022.06.28"]
[Round "4.13"]
[White "Kutowski, Marcel"]
[Black "Karolczuk, Iwo"]
[Result "0-1"]
[ECO "B92"]
[WhiteElo "1954"]
[BlackElo "2319"]
[Annotator "TA"]
[PlyCount "86"]
[EventDate "2022.06.24"]
[EventType "team-tourn"]
[EventCountry "POL"]
[SourceTitle "playchess.com"]
[Source "ChessBase"]
[SourceQuality "1"]
[TimeControl "40/5400+30:1800+30"]

1. e4 c5 2. Nf3 d6 3. d4 cxd4 4. Nxd4 Nf6 5. Nc3 a6 6. Be2 e5 7. Nb3 Be7 8. Be3 Be6 9. Nd5 Nxd5 10. exd5 Bf5 11. Qd2 O-O 12. O-O Nd7 13. Na5 Qc7 14. c4 {[%emt 0:02:39][%cal Bc2c4,Bc4c5][%mdl 32] B92: Sicilian Najdorf: 6 Be2.} Bg6 15. b4 f5 16. f4 {[%emt 0:02:23] White is slightly better.} Nf6 (16... exf4 $14 17. Bxf4 Qb6+ 18. Kh1 Nf6) 17. fxe5 $1 $16 dxe5 18. c5 {[%emt 0:04:05] d6 is the strong threat.} f4 19. Bf2 Ne4 20. Qe1 Bf6 21. d6 Qd7 {[%emt 0:00:17] [#]} 22. Bc4+ $146 (22. Rd1 $142) ({Predecessor:} 22. Rd1 Rae8 23. Kh1 Bd8 24. Bh4 Bxh4 25. Qxh4 Bf5 26. Bf3 Nc3 27. Bxb7 Nxd1 28. Bc6 {1-0 (39) Shuvalova,P (2515)-Beydullayeva,G (2278) Terme Catez 2021}) 22... Kh8 23. Bd5 Nxf2 24. Qxf2 e4 25. Rad1 (25. Bxb7 $6 Bxa1 26. Bxa8 Bc3 $11) 25... Qb5 26. Qe1 (26. Qxf4 Bd4+ $1 27. Rxd4 Rxf4 28. Rxf4 Qe2 $17) (26. Nxb7 $2 e3 27. Qf3 (27. Qxf4 $2 e2 $19) 27... e2 $19) 26... e3 27. Bc4 {[%emt 0:08:47] Against e2} (27. Rxf4 $2 e2 28. Rd2 Bc3 29. Qxe2 Rxf4 $19) 27... Qa4 {[%emt 0:01:27] [#]} 28. Bb3 ({And not} 28. Nxb7 Rab8 29. Rxf4 Rxb7 $17) (28. Rxf4 $6 Bc3 29. Rxf8+ Rxf8 $11) (28. d7 $1 $16 {Strongly threatening Bb3.} Bc2 29. Rd6) 28... Qe8 $11 29. d7 Qe5 {aiming for ...e2.} 30. Rd5 $132 {[%emt 0:04:55][%mdl 2048] White is not holding back} ({Not} 30. Nxb7 $2 e2 31. c6 Qe4 $19) 30... Qe4 31. Nxb7 {[%emt 0:01:13] Black must now prevent c6.} e2 32. Rf2 $1 Bd4 {[%emt 0:02:12] [#]} 33. Rxd4 Qxd4 {[%emt 0:00:05] Really sharp!} 34. d8=Q (34. Qxe2 $5 Qxd7 35. Nd6 $14) 34... Raxd8 (34... Rfxd8 {looks sharper.} 35. Nxd8 Rxd8 36. Qxe2 Be4) 35. Nxd8 Rxd8 36. Qxe2 Qxb4 (36... Be4 $14) 37. Qc4 $2 (37. Qe5 $16 {is necessary to keep the advantage.}) 37... Qe1+ $17 38. Rf1 ({Better is} 38. Qf1 $1 $15 Qe3 39. Kh1) 38... Qe3+ 39. Kh1 {[%emt 0:00:15] [#]} Be4 {[%emt 0:00:45] Inhibits Rf3. Threatens to win with ...f3. Black is more active.} 40. Qc1 $2 ({Don't blunder} 40. c6 $2 f3 41. Rxf3 Bxf3 $19) (40. Bd1 $17) 40... Qe2 (40... Rd2 $142 41. Rf3 Bxf3 42. Qxd2 Qxd2 43. gxf3 Qf2 44. Bc4 Qxf3+ 45. Kg1 Qe3+ 46. Kf1 Qc1+ 47. Ke2 Qxc4+ 48. Kf3 Qf1+ 49. Kg4 f3 50. c6 f2 51. c7 Qc4+ 52. Kg5 f1=Q 53. c8=Q+ Qxc8 54. Kh5 Qfh3+ 55. Kg5 Qh6#) 41. Rg1 $19 {[%emt 0:04:06] Black is clearly winning.} f3 42. h3 f2 {[%emt 0:03:10] ( -> ...Rd3)} 43. Rf1 Bd3 {[%emt 0:00:35] Black used his chance.  Weighted Error Value: White=0.40/Black=0.38} 0-1

[Event "Polish Youth Ekstraliga 2022"]
[Site "Lublin"]
[Date "2022.06.28"]
[Round "4.14"]
[White "Budzisz, Adrian"]
[Black "Wilk, Igor"]
[Result "1-0"]
[ECO "A14"]
[WhiteElo "2152"]
[BlackElo "1824"]
[Annotator "RC"]
[PlyCount "113"]
[EventDate "2022.06.24"]
[EventType "team-tourn"]
[EventCountry "POL"]
[SourceTitle "playchess.com"]
[Source "ChessBase"]
[SourceQuality "1"]
[TimeControl "40/5400+30:1800+30"]

1. Nf3 d5 2. g3 e6 3. Bg2 Nf6 4. c4 Be7 5. O-O O-O 6. b3 c6 7. d3 b6 8. Bb2 Bb7 9. Qc2 Nbd7 10. Rd1 c5 11. cxd5 exd5 12. d4 Rc8 13. Nc3 Qc7 14. Rac1 c4 15. Ne5 Nxe5 16. dxe5 cxb3 17. Qb1 Qxe5 18. Nxd5 Qe6 19. Nxf6+ Bxf6 20. Bxb7 bxa2 21. Qa1 Rxc1 22. Rxc1 Rd8 23. e4 Rd2 24. e5 Qf5 25. Rf1 Be7 26. Bc3 Rc2 27. Bd5 Qd3 28. Bd4 Rd2 29. Be3 Qxd5 30. Bxd2 Qxd2 31. Rd1 Qc2 32. Rc1 Qd2 33. Rd1 Qc2 34. Qc1 Qxc1 35. Rxc1 Bc5 36. Ra1 Kf8 37. Rxa2 a5 38. Kg2 Ke7 39. Kf3 Ke6 40. Ke4 a4 41. f4 a3 42. f5+ Kd7 43. Kd5 Be7 44. Rc2 Bb4 45. g4 h6 46. h4 Be7 47. h5 Bg5 48. Rc3 Be7 49. Rc1 Bb4 50. Kc4 Bc5 51. Rd1+ Ke7 52. Kb3 Ke8 53. Rd5 Be7 54. Rb5 Bc5 55. Rxc5 bxc5 56. Kxa3 Kd7 57. Kb3 1-0

[Event "Polish Youth Ekstraliga 2022"]
[Site "Lublin"]
[Date "2022.06.28"]
[Round "4.15"]
[White "Bartoszczuk, Adam"]
[Black "Ptaszynski, Szymon"]
[Result "0-1"]
[ECO "C42"]
[WhiteElo "1662"]
[BlackElo "1781"]
[Annotator "NA RC"]
[PlyCount "110"]
[EventDate "2022.06.24"]
[EventType "team-tourn"]
[EventCountry "POL"]
[SourceTitle "playchess.com"]
[Source "ChessBase"]
[SourceQuality "1"]
[TimeControl "40/5400+30:1800+30"]

1. e4 e5 2. Nf3 Nf6 3. Nxe5 d6 4. Nf3 Nxe4 5. d4 d5 6. Bd3 Bd6 7. O-O O-O 8. h3 c6 9. c3 Bf5 10. Qc2 Bg6 11. Nbd2 Re8 12. Re1 f5 13. Qb3 Qc7 14. Bxe4 fxe4 15. Nh4 Bf7 16. Nf5 Bf8 17. Nf1 Be6 18. N5g3 Nd7 19. Be3 Bd6 20. Qc2 Nf6 21. b3 Qd7 22. Ne2 Nh5 23. Nfg3 Nf6 24. Bf4 Rf8 25. Qd2 Bxf4 26. Nxf4 Bf7 27. Rac1 Rae8 28. Qe3 h6 29. c4 g5 30. Nfe2 Bg6 31. Nc3 Rf7 32. cxd5 cxd5 33. Na4 b6 34. Rc3 Ref8 35. Rec1 Kh7 36. Rc6 Ne8 37. Nh1 Ng7 38. Qg3 Nf5 39. Qe5 Re8 40. Qc7 Nxd4 41. Qxd7 Rxd7 42. Rc7 Ree7 43. Rxd7 Rxd7 44. Rd1 Ne2+ 45. Kf1 Nf4 46. Ng3 Nd3 47. Nc3 Kg7 48. Nge2 Kf6 49. Nc1 Nxc1 50. Rxc1 Ke5 51. Ke2 Rc7 52. Kd2 d4 53. Nb5 e3+ 54. fxe3 dxe3+ 55. Kd1 e2+ 0-1

[Event "Polish Youth Ekstraliga 2022"]
[Site "Lublin"]
[Date "2022.06.28"]
[Round "4.16"]
[White "Rekuc, Patryk"]
[Black "Kaszuba, Michal"]
[Result "1-0"]
[ECO "B31"]
[WhiteElo "1842"]
[BlackElo "1307"]
[Annotator "NA RC"]
[PlyCount "43"]
[EventDate "2022.06.24"]
[EventType "team-tourn"]
[EventCountry "POL"]
[SourceTitle "playchess.com"]
[Source "ChessBase"]
[SourceQuality "1"]
[TimeControl "40/5400+30:1800+30"]

1. e4 c5 2. Nf3 Nc6 3. Bb5 g6 4. Bxc6 dxc6 5. h3 Bg7 6. O-O Nf6 7. d3 O-O 8. Nc3 Qc7 9. Be3 b6 10. Qd2 Nd7 (10... e5 $11 {feels stronger.}) 11. Bh6 Ne5 12. Nh2 Bxh6 13. Qxh6 f6 14. Qe3 Qd6 15. f4 Nf7 16. Ne2 e5 17. f5 g5 18. Rf2 Kg7 19. Raf1 Nh6 20. Qg3 Bd7 21. Qxg5+ Kf7 22. Nf4 $19 (22. Qxh6 $18 Ke7 23. g4) 1-0

[Event "Polish Youth Ekstraliga 2022"]
[Site "Lublin"]
[Date "2022.06.28"]
[Round "4.17"]
[White "Goraj, Barbara"]
[Black "Marcinczyk, Monika"]
[Result "1-0"]
[ECO "A10"]
[WhiteElo "2035"]
[BlackElo "1991"]
[Annotator "NA RC"]
[PlyCount "111"]
[EventDate "2022.06.24"]
[EventType "team-tourn"]
[EventCountry "POL"]
[SourceTitle "playchess.com"]
[Source "ChessBase"]
[SourceQuality "1"]
[TimeControl "40/5400+30:1800+30"]

1. c4 b6 2. Nc3 Bb7 3. e4 e5 4. Nf3 Nc6 5. d3 Bc5 6. g3 d6 7. Bg2 Nge7 8. O-O O-O 9. a3 a5 10. Rb1 Qd7 11. Kh1 Kh8 12. Ng5 h6 13. Qh5 Nd8 14. f4 f5 {[%emt 0:07:09] [#]} 15. Nf3 $1 Bd4 16. Nd5 Nxd5 17. exd5 c5 18. fxe5 Bxe5 19. Nh4 Qf7 20. Ng6+ Kg8 21. Rxf5 Bf6 22. Nxf8 Qxh5 23. Rxh5 Kxf8 24. Rf5 Nf7 25. Bd2 Re8 26. Be4 Bc8 27. Rff1 Bh3 28. Rfe1 Ne5 29. Bc3 Kf7 30. Bxe5 Bxe5 31. Bg2 Bd7 32. Bf3 b5 33. b4 cxb4 34. axb4 a4 35. c5 a3 36. c6 Bf5 37. Be4 Bxe4+ 38. dxe4 a2 39. Rbc1 a1=Q 40. Rxa1 Bxa1 41. Rxa1 Rxe4 42. Rc1 Re8 43. Kg2 Ra8 44. Re1 Ra2+ 45. Kf3 Ra3+ 46. Re3 Ra4 47. h4 g5 48. hxg5 hxg5 49. Rc3 Ra8 50. Kg4 Kf6 51. Re3 Ra4 52. Re4 Kg6 53. c7 Ra8 54. Re6+ Kf7 55. Rxd6 Ke7 56. Rd8 1-0

[Event "Polish Youth Ekstraliga 2022"]
[Site "Lublin"]
[Date "2022.06.28"]
[Round "4.18"]
[White "Szczotka, Klara"]
[Black "Jaros, Emilia"]
[Result "1/2-1/2"]
[ECO "E26"]
[WhiteElo "1863"]
[BlackElo "1366"]
[Annotator "NA RC"]
[PlyCount "96"]
[EventDate "2022.06.24"]
[EventType "team-tourn"]
[EventCountry "POL"]
[SourceTitle "playchess.com"]
[Source "ChessBase"]
[SourceQuality "1"]
[TimeControl "40/5400+30:1800+30"]

1. d4 Nf6 2. c4 e6 3. Nc3 Bb4 4. e3 c5 5. a3 Bxc3+ 6. bxc3 b6 7. Nf3 Bb7 8. Bd3 d6 9. O-O Nbd7 10. Qc2 h6 11. e4 e5 12. Nh4 g6 13. d5 Nh5 14. g3 Qe7 15. Be2 Ng7 16. Be3 g5 17. Ng2 Nf6 18. h4 ({Better is} 18. a4) 18... Nh7 19. a4 O-O 20. a5 f5 21. exf5 Nxf5 22. Bd3 Nxe3 23. Nxe3 Bc8 24. Bxh7+ Qxh7 25. Qxh7+ Kxh7 26. hxg5 hxg5 27. axb6 a5 $16 28. Rfb1 Rf7 29. Ra4 Rb7 30. Kg2 Bd7 31. Ra2 Kg6 32. Nf1 a4 33. Ne3 Ra6 34. Rab2 Bf5 35. Nxf5 Kxf5 36. Kf3 g4+ 37. Ke3 Kg5 38. Ke4 Kg6 39. Ra2 Kg5 40. Kd3 Kf5 41. Ra3 Ra5 42. Rb5 e4+ 43. Ke3 Ra6 44. Rb1 Rbxb6 45. Rxb6 Rxb6 46. Rxa4 Rb3 47. Kd2 Rb2+ 48. Ke3 Rb3 1/2-1/2

[Event "Polish Youth Ekstraliga 2022"]
[Site "Lublin"]
[Date "2022.06.28"]
[Round "4.19"]
[White "Kazmierowski, Tymon"]
[Black "Dzida, Kamil"]
[Result "0-1"]
[ECO "B33"]
[WhiteElo "2020"]
[BlackElo "2294"]
[Annotator "TA"]
[PlyCount "60"]
[EventDate "2022.06.24"]
[EventType "team-tourn"]
[EventCountry "POL"]
[SourceTitle "playchess.com"]
[Source "ChessBase"]
[SourceQuality "1"]
[TimeControl "40/5400+30:1800+30"]

1. e4 c5 2. Nf3 Nc6 3. d4 cxd4 4. Nxd4 Nf6 5. Nc3 e5 6. Ndb5 d6 7. Bg5 a6 8. Na3 b5 9. Nd5 Be7 10. Bxf6 Bxf6 11. c3 Bg5 12. Nc2 Ne7 13. Nce3 Bb7 14. Nxe7 {[%emt 0:04:08] Hoping for N7f5. B33: Sicilian: Pelikan and Sveshnikov Variations.} Bxe3 {[%emt 0:00:10] A strong pair of Bishops.} 15. Nd5 (15. Nf5 $5 Bc5 16. Nxg7+ Kf8 17. Nf5 $11) 15... Ba7 16. g3 {[%emt 0:04:02] The position is equal.} O-O {[%emt 0:02:59][%cal Bh8f8,Bf8f5,Bf5f3][%mdl 32] [#]} 17. Bg2 $146 ({Predecessor:} 17. Bh3 g6 18. Qb3 Kh8 19. a4 Rb8 20. O-O bxa4 21. Qxa4 f5 22. Ra2 Rf7 23. Bg2 {0-1 (37) Herms Agullo,J (2215)-Gomez Jurado,L (2280) Spain 1997}) 17... f5 18. exf5 Rxf5 19. O-O Qf8 20. Qd2 Qf7 21. Be4 Rf3 22. Rae1 {[%emt 0:17:30] [#]} Rf8 $1 23. Re2 {[%emt 0:02:58] [#]} Kh8 $1 $36 {[%emt 0:01:37][%cal Ob7c8][%mdl 2048] Black is pushing.} 24. Kg2 {[%emt 0:07:17] [#]} Bc8 {[%emt 0:03:14] [#]} 25. Nf4 $1 $14 Rxf4 26. gxf4 Qe6 (26... Be6 $14) 27. f5 ({White should try} 27. fxe5 $18 dxe5 28. Kh1) 27... Rxf5 {[%emt 0:01:31] aiming for ...Rh5.} 28. Bxf5 (28. Qd5 $14 {keeps the upper hand.}) 28... Qxf5 $19 {[%emt 0:00:02] Black is clearly winning.} 29. Re3 (29. Kg1 {gets mated.} Qg4+ 30. Kh1 Qf3+ 31. Kg1 Bb7) (29. Rh1 $142 Bb7+ 30. Kf1 Bxh1 31. Qxd6) 29... Qg5+ {[%emt 0:00:02][%mdl 64] Pin, Double Attack} 30. Kh1 Bb7+ {[%emt 0:00:03] Weighted Error Value: White=0.85/Black=0.29 (precise)} 0-1

[Event "Polish Youth Ekstraliga 2022"]
[Site "Lublin"]
[Date "2022.06.28"]
[Round "4.20"]
[White "Koziorowicz, Michal"]
[Black "Grzadka, Artur"]
[Result "1-0"]
[ECO "C00"]
[WhiteElo "2231"]
[BlackElo "1718"]
[Annotator "RC"]
[PlyCount "53"]
[EventDate "2022.06.24"]
[EventType "team-tourn"]
[EventCountry "POL"]
[SourceTitle "playchess.com"]
[Source "ChessBase"]
[SourceQuality "1"]
[TimeControl "40/5400+30:1800+30"]

1. e4 e6 2. d3 d5 3. Nd2 Nf6 4. Ngf3 Be7 5. g3 b6 6. Bg2 Bb7 7. O-O O-O 8. e5 Nfd7 9. Re1 c5 10. h4 Qc7 11. Nf1 Nc6 12. Bf4 b5 13. h5 Rfe8 14. N1h2 Qb6 15. h6 g6 16. Qd2 c4 17. Bg5 Bf8 18. d4 c3 19. Qxc3 Rac8 20. Qd2 Na5 21. Bh4 Qc7 22. Qf4 Qxc2 23. Bh3 Qc7 24. Ng5 Re7 25. Nxh7 Kxh7 26. Bxe7 Bxe7 27. Qxf7+ 1-0